 Dungeon Crawl Stone Soup version 0.29.1-15-g9cfb28693d (webtiles) character file.

Game seed: 392051946394886158

10887 DemonSlayer the Thaumaturge (level 11, 0/112 HPs)
             Began as a Demonspawn Earth Elementalist on Mar 7, 2023.
             Was a Priest of Dithmenos.
             Succumbed to a cane toad's poison
             ... on level 1 of the Lair of Beasts.
             The game lasted 00:28:25 (14071 turns).

DemonSlayer the Thaumaturge (DsEE)                 Turns: 14071, Time: 00:28:26

Health: 0/112      AC: 22    Str: 12    XL:     11   Next: 42%
Magic:  19/25      EV: 13    Int: 18    God:    Dithmenos [***...]
Gold:   128        SH:  4    Dex: 15    Spells: 13/30 levels left

rFire   . . .      SeeInvis .   v - +8 bardiche of Dithmenos's Respect {freeze, rPois Dex+2}
rCold   . . .      Faith    .   (shield currently unavailable)
rNeg    . . .      Spirit   .   O - +3 troll leather armour
rPois   +          Reflect  .   i - +0 helmet
rElec   .          Harm     .   d - +1 cloak
rCorr   .          Rampage  .   (no gloves)
Will    .....                   (no boots)
Stlth   ..........              F - amulet of the acrobat
HPRegen 1.08/turn               k - +4 ring of slaying
MPRegen 0.19/turn               x - +4 ring of protection

@: berserking (expiring), lethally poisoned (0 -> -3), wreathed by umbra, very
quick
A: claws 1, icy blue scales 2, icemail 1, powered by pain 1, condensation shield
a: Renounce Religion, Shadow Step


You were on level 1 of the Lair of Beasts.
You worshipped Dithmenos.
Dithmenos was most pleased with you.
You visited 4 branches of the dungeon, and saw 14 of its levels.

You collected 1376 gold pieces.
You spent 1248 gold pieces at shops.

Inventory:

Hand Weapons
 v - the +8 bardiche of Dithmenos's Respect (weapon) {freeze, rPois Dex+2}
   (You bought it in a shop on level 4 of the Dungeon)

   It freezes those it strikes, dealing additional cold damage.
   It can also slow down cold-blooded creatures.
   Dex:       It affects your dexterity (+2).
   rPois:     It protects you from poison.
Missiles
 p - 4 boomerangs of dispersal
 K - 3 throwing nets
 M - a curare-tipped dart
Armour
 d - a +1 cloak (worn)
 i - a +0 helmet (worn)
 O - a +3 troll leather armour (worn)
Jewellery
 k - a +4 ring of slaying (left claw)
 x - a +4 ring of protection (right claw)
 F - an amulet of the acrobat (around neck)
 G - an amulet of reflection
Wands
 e - a wand of flame (12)
 w - a wand of paralysis (10)
 z - a wand of polymorph (6)
 D - a wand of digging (7)
 E - a wand of mindburst (10)
 L - a wand of light (4)
Scrolls
 a - a scroll of butterflies
 b - 2 scrolls of noise {unknown}
 c - a scroll of blinking
 h - 2 scrolls of brand weapon
 r - 2 scrolls of magic mapping
 s - 4 scrolls of fear
 y - 2 scrolls of silence
 C - a scroll of vulnerability
 N - a scroll of poison
Potions
 f - a potion of invisibility
 g - 4 potions of might
 j - 2 potions of berserk rage
 n - a potion of cancellation
 o - 7 potions of curing
 q - 4 potions of degeneration {unknown}
 t - 2 potions of lignification
 u - a potion of brilliance
 A - 2 potions of attraction
 B - a potion of magic
 H - a potion of heal wounds {unknown}
 J - a potion of flight {unknown}


   Skills:
 + Level 3.3 Fighting
 + Level 1.8 Long Blades
 + Level 3.9 Polearms
 + Level 0.2 Throwing
 + Level 3.9 Armour
 + Level 4.0 Dodging
 + Level 2.8 Stealth
 + Level 2.1 Shields
 + Level 10.3 Spellcasting
 + Level 2.9 Conjurations
 + Level 0.8 Transmutations
 + Level 10.1 Earth Magic
 + Level 0.1 Evocations


You had 13 spell levels left.
You knew the following spells:

 Your Spells              Type           Power      Damage    Failure   Level
a - Sandblast             Erth           90%        2d19      1%          1
b - Passwall              Tmut/Erth      24%        N/A       1%          2
c - Stone Arrow           Conj/Erth      64%        3d11      1%          3
d - Petrify               Tmut/Erth      29%        N/A       10%         4
e - Swiftness             Air            9%         N/A       28%         3
f - Fulminant Prism       Conj/Hex       7%         3d7       47%         4

Your spell library contained the following spells:

 Spells                   Type           Power      Damage    Failure   Level
 Magic Dart               Conj           76%        1d6       3%          1
 Searing Ray              Conj           38%        2d5       4%          2
 Shock                    Conj/Air       56%        1d6       5%          1
 Necrotise                Necr           36%        1d5       10%         1
 Wereblood                Tmut           12%        N/A       11%         2
 Sublimation of Blood     Necr           9%         N/A       14%         2
 Gell's Gravitas          Tloc           9%         N/A       28%         3
 Lesser Beckoning         Tloc           9%         N/A       28%         3
 Portal Projectile        Hex/Tloc       18%        N/A       28%         3
 Teleport Other           Tloc           9%         N/A       28%         3
 Tukima's Dance           Hex            9%         N/A       28%         3
 Vampiric Draining        Necr           9%         2d6       28%         3
 Airstrike                Air            4%         2d(1-17)  67%         4
 Blade Hands              Tmut           6%         N/A       88%         5
 Agony                    Necr           9%         N/A       95%         5
 Summon Hydra             Summ           4%         N/A       100%        7


Dungeon Overview and Level Annotations

Branches:
Dungeon (11/15)            Temple (1/1) D:5            Lair (1/5) D:11
    Orc (1/2) D:10

Altars:
Ashenzari
Cheibriados
Dithmenos
Fedhas
Gozag
Hepliaklqana
Kikubaaqudgha
Makhleb
Nemelex Xobeh
Okawaru
Qazlal
Ru
Sif Muna
Trog
Uskayaw
Vehumet
Wu Jian
Xom
Yredelemnul

Shops:
D:4 :*[?(   D:7 =?:(

Portals:
Abyss: D:6

Annotations:
D:6 2 transporters, sigtrap's ghost, novice SpHu
D:7 2 transporters, DemonSlayer's ghost, novice TeEE
D:8 2 transporters, mkat's ghost, novice BaSu


Innate Abilities, Weirdness & Mutations

You have sharp fingernails.
You are mostly covered in icy blue scales. (AC +3)
A meltable icy envelope protects you from harm. (AC +4)
You sometimes gain a little power by taking damage.
A meltable shield of frost defends you. (SH +4)


Message History

You barely miss the cane toad.
You feel extremely sick.
The cane toad stings you but does no damage.
The cane toad stings you! The cane toad barely misses you.
The cane toad misses you.
You slice the cane toad!! You freeze the cane toad.
The cane toad is heavily wounded.
You feel extremely sick. The cane toad stings you!
* * * LOW HITPOINT WARNING * * *
The cane toad stings you!
* * * LOW HITPOINT WARNING * * *
The cane toad barely misses you. The cane toad stings you.
* * * LOW HITPOINT WARNING * * *
The cane toad stings you.
* * * LOW HITPOINT WARNING * * *
You are too berserk!
You slice the cane toad!!
The cane toad seems to slow down.
You freeze the cane toad!
You kill the cane toad!
Dithmenos accepts your kill.
You feel very sick. The cane toad barely misses you. The cane toad stings you!
* * * LOW HITPOINT WARNING * * *
You focus on the pain.
You feel your power returning.
Unknown command.
You are too berserk!
* * * LOW HITPOINT WARNING * * *
You feel very sick. The cane toad misses you.
You see here a cane toad corpse.
You feel a strong urge to attack something.
* * * LOW HITPOINT WARNING * * *
You feel sick.
You closely miss the cane toad.
* * * LOW HITPOINT WARNING * * *
You feel sick.
The cane toad stings you but does no damage.
You closely miss the cane toad.
You die...

.... . .P# . ..
..###.# ##+ .#
..#.#.### #.. .#
#........ .####.###.
#........ ...§.....##
#........
..........####@.......
#.........#FF........
#....<†..†.#.###.#.#
.8.##.#†##...### # ..
F§.#....# #.
...$#........ #
...#.##..##... ##..
...#.# .... .#. #..#.#
##.


You could see 2 cane toads.

Vanquished Creatures
  Harold (D:9)
  A two-headed ogre (D:11)
  A manticore (D:11)
  Joseph (D:9)
  2 cane toads (Lair:1)
  2 trolls
  A vampire (D:9)
  A shadow (D:10)
  4 wyverns
  10 yaks
  A wraith (D:10)
  2 basilisks (D:11)
  3 vampire mosquitoes (D:11)
  An acid dragon (D:9)
  6 water moccasins
  4 orc warriors
  2 sky beasts
  3 ice beasts
  A black bear (D:6)
  2 ogres
  4 wolves (Lair:1)
  4 centaurs
  2 necrophages (D:7)
  3 kobold brigands
  2 bullfrogs
  A gnoll sergeant (D:6)
  2 scorpions
  10 killer bees
  A vampire bat (D:9)
  4 howler monkeys
  4 hounds
  A gnoll bouda (D:7)
  5 orc priests
  2 jellies
  2 iguanas
  15 orc wizards
  Robin (D:2)
  9 adders
  7 gnolls
  2 shadow imps
  3 white imps
  An ufetubus (D:4)
  3 worms
  2 dart slugs
  41 orcs
  7 endoplasms
  6 giant cockroaches
  11 goblins
  5 hobgoblins (D:2)
  8 jackals
  3 quokkas
  5 ball pythons
  11 bats
  7 frilled lizards
  17 kobolds
  4 rats
264 creatures vanquished.

Vanquished Creatures (others)
  2 fungi (D:11)
  10 plants
  2 withered plants (D:3)
14 creatures vanquished.

Grand Total: 278 creatures vanquished

Notes
Turn   | Place    | Note
-------+----------+-------------------------------------------
     0 | D:1      | DemonSlayer the Demonspawn Earth Elementalist began the
                  | quest for the Orb.
     0 | D:1      | Reached XP level 1. HP: 13/13 MP: 3/3
   299 | D:1      | Noticed a shining eye
   301 | D:1      | Found a faded altar of an unknown god.
   327 | D:1      | Noticed an eye of devastation
   327 | D:1      | Noticed an eye of devastation
   327 | D:1      | Noticed a floating eye
   402 | D:1      | Gained mutation: You sometimes gain a little power by
                  | taking damage. [demonic ancestry]
   402 | D:1      | Reached XP level 2. HP: 19/19 MP: 3/5
   756 | D:1      | Learned a level 2 spell: Passwall
   933 | D:2      | Noticed Robin
   991 | D:2      | Killed Robin
   992 | D:2      | Reached XP level 3. HP: 19/24 MP: 0/6
  1001 | D:2      | HP: 1/24 [goblin/+0 club[Robin] (4)]
  1879 | D:2      | Gained mutation: A meltable shield of frost defends you.
                  | (SH +4) [demonic ancestry]
  1879 | D:2      | Reached XP level 4. HP: 30/30 MP: 6/8
  1885 | D:2      | Learned a level 3 spell: Stone Arrow
  2323 | D:3      | Found an ancient bone altar of Kikubaaqudgha.
  2600 | D:3      | Reached skill level 1 in Armour
  2701 | D:3      | Found an iron altar of Okawaru.
  3111 | D:4      | Found Buingohi's Magic Scroll Shoppe.
  3128 | D:4      | Bought a scroll of butterflies for 48 gold pieces
  3128 | D:4      | Bought a scroll of enchant armour for 90 gold pieces
  3128 | D:4      | Found Mizaepn's Antique Armour Shop.
  3272 | D:4      | Found Enufoq's Weapon Emporium.
  3299 | D:4      | Found a stormy altar of Qazlal.
  3308 | D:4      | Identified the +6 mace of the End {holy, rF+ rCorr}
  3311 | D:4      | Gained mutation: You are partially covered in icy blue
                  | scales. (AC +2) [demonic ancestry]
  3311 | D:4      | Reached XP level 5. HP: 35/35 MP: 7/9
  3412 | D:4      | Noticed an ogre
  3415 | D:4      | Killed an ogre
  3603 | D:4      | Gained mutation: A meltable icy envelope protects you from
                  | harm. (AC +4) [demonic ancestry]
  3603 | D:4      | Reached XP level 6. HP: 41/41 MP: 8/11
  3691 | D:4      | Found Zeaptin's Assorted Antiques.
  3805 | D:4      | Bought a fizzy white potion for 20 gold pieces
  3864 | D:4      | Reached skill level 5 in Earth Magic
  3991 | D:4      | Found Irobi's Book Shoppe.
  4150 | D:4      | Found a blossoming altar of Fedhas.
  4385 | D:4      | Learned a level 4 spell: Petrify
  4398 | D:5      | Entered Level 5 of the Dungeon
  4492 | D:5      | Gained mutation: You are mostly covered in icy blue scales.
                  | (AC +3) [demonic ancestry]
  4492 | D:5      | Reached XP level 7. HP: 42/46 MP: 7/13
  4832 | D:5      | Found an opulent altar of Gozag.
  4848 | D:5      | Found a staircase to the Ecumenical Temple.
  4974 | D:5      | Found a sparkling altar of Nemelex Xobeh.
  5204 | D:5      | Reached skill level 5 in Spellcasting
  5207 | Temple   | Entered the Ecumenical Temple
  5311 | Temple   | Became a worshipper of Dithmenos the Shadowed
  5335 | D:6      | Found a burning altar of Makhleb.
  5446 | D:6      | Found a transporter.
  5447 | D:6      | Found a transporter.
  5478 | D:6      | Gained mutation: You have sharp fingernails. [demonic
                  | ancestry]
  5478 | D:6      | Reached XP level 8. HP: 21/52 MP: 16/16
  5814 | D:6      | Found a one-way gate to the infinite horrors of the Abyss.
  5814 | D:6      | Noticed sigtrap's ghost (novice SpHu)
  5814 | D:6      | Noticed a wizard
  5900 | D:6      | Found a bloodstained altar of Trog.
  6402 | D:7      | Found Neupiyna's Weapon Shop.
  6429 | D:7      | Found Niaq's Book Shoppe.
  6648 | D:7      | Noticed DemonSlayer's ghost (novice TeEE)
  6649 | D:7      | Found a transporter.
  6730 | D:7      | Found a transporter.
  6740 | D:7      | Found Mestrebbo's Magic Scroll Shop.
  6915 | D:7      | Reached XP level 9. HP: 27/58 MP: 13/19
  7338 | D:7      | Reached skill level 1 in Long Blades
  7403 | D:7      | Found an ornate altar of the Wu Jian Council.
  7448 | D:7      | Found Nigoudgh's Jewellery Boutique.
  7514 | D:7      | Learned a level 3 spell: Swiftness
  7539 | D:8      | Reached * piety under Dithmenos
  7667 | D:8      | Found a hide-covered altar of Uskayaw.
  7808 | D:8      | Reached skill level 1 in Shields
  8289 | D:8      | Found a transporter.
  8320 | D:8      | Found a transporter.
  8329 | D:8      | Noticed mkat's ghost (novice BaSu)
  8341 | D:8      | Noticed a moth of wrath
  8438 | D:8      | Reached skill level 1 in Fighting
  8766 | D:8      | Found a snail-covered altar of Cheibriados.
  8864 | D:9      | Found a broken altar of Ashenzari.
  9129 | D:9      | Noticed Joseph
  9142 | D:9      | Killed Joseph
  9143 | D:9      | Reached XP level 10. HP: 54/65 MP: 12/22
  9380 | D:9      | Found a sacrificial altar of Ru.
  9789 | D:9      | Reached ** piety under Dithmenos
  9990 | D:9      | Noticed Harold
  9997 | D:9      | Killed Harold
 10469 | D:9      | Identified a scroll of acquirement
 10476 | D:9      | Acquired 625 gold pieces
 10780 | D:4      | Bought the +8 bardiche of Dithmenos's Respect {freeze,
                  | rPois Dex+2} for 787 gold pieces
 10860 | D:4      | Bought a scroll of blinking for 172 gold pieces
 10860 | D:4      | Bought 2 fizzy golden potions for 41 gold pieces
 10890 | D:4      | Bought a scroll of enchant armour for 90 gold pieces
 11011 | D:10     | Entered Level 10 of the Dungeon
 11147 | D:10     | Found a staircase to the Orcish Mines.
 11337 | D:10     | Found a hazy altar of Hepliaklqana.
 11727 | D:10     | Reached skill level 1 in Polearms
 11933 | D:10     | Learned a level 4 spell: Fulminant Prism
 11977 | Orc:1    | Entered Level 1 of the Orcish Mines
 11977 | Orc:1    | Noticed an orc knight
 11995 | D:10     | Reached skill level 1 in Conjurations
 12211 | D:11     | Found a staircase to the Lair.
 12322 | D:11     | Reached skill level 10 in Spellcasting
 12335 | D:11     | Reached XP level 11. HP: 60/74 MP: 3/25
 12542 | D:11     | Noticed a two-headed ogre
 12548 | D:11     | Killed a two-headed ogre
 12623 | D:11     | Reached skill level 10 in Earth Magic
 14043 | Lair:1   | Entered Level 1 of the Lair of Beasts
 14048 | Lair:1   | Reached *** piety under Dithmenos
 14068 | Lair:1   | HP: 4/112 [poisoned by a cane toad]
 14070 | Lair:1   | HP: 1/112 [poisoned by a cane toad]
 14071 | Lair:1   | Succumbed to a cane toad's poison

Illustrated notes

Levels and vault maps discovered:
D:1:      wheals_arrival_linesprint, layout_basic,
          hellmonk_ecumenical_altar_watching_god, chequers_serial_rivers_micro_e
D:2:      layout_basic, uniq_robin
D:3:      layout_rooms, kiku_gazebo_garden_becter, lemuel_coloured_pillars_altar
D:4:      layout_loops_corners, nicolae_qazlal_general_emergency,
          nicolae_overflow_crystal_walls, mainiacjoe_overflow_six_doors_small,
          serial_shops, shop_fountains, shop, shop, shop, shop
D:5:      layout_basic, general_overflow_altar,
          nemelex_xobeh_ov_fountains_minmay, kennysheep_mini_moat,
          minmay_temple_entry_glassed_door
D:6:      layout_basic, old_standard_altar, amcnicky_altar_gilded,
          gammafunk_ghost_abyssal_escape, minmay_misc_feat_ornament
D:7:      layout_gridville, nicolae_wu_jian_glorious_leap, gammafunk_ghost_hive,
          serial_shops, nicolae_shop_bloodbath_and_beyond, shop,
          nicolae_stop_n_shop_1, shop
D:8:      layout_cave_pools, lemuel_tele_altar, old_standard_altar,
          gammafunk_ghost_berserking_beasts
D:9:      layout_roguey, mainiacjoe_overflow_boulevard, evilmike_ruin_ashenzari,
          grunt_decor_one_mirror, roderic_batcave, chequers_avenue, uniq_harold,
          uniq_joseph
D:10:     layout_stronghold, nicolae_hepliaklqana_hazy_memory, orc_0_dummy
D:11:     layout_cave_pods, minmay_lair_entry_grove
Temple:   hellmonk_temple_two_chambers
Lair:1:   layout_regular_city, basic_altar, nicolae_lair_lil_pond,
          beast_lair_carwin_3, serial_bayou_shore_b, grunt_megastairs_1,
          lemuel_fruit_tree
Orc:1:    layout_caves

Skill      XL: |  1  2  3  4  5  6  7  8  9 10 11 |
---------------+----------------------------------+-----
Earth Magic    | 3 4 5 6 7 9 10 | 10.1
Stealth        | 2 |  2.8
Armour         | 1 2 3 |  3.9
Spellcasting   | 3 4 5 7 8 10 | 10.3
Dodging        | 2 3 4 |  4.0
Long Blades    | 1 |  1.8
Shields        | 1 2 |  2.1
Fighting       | 1 2 3 |  3.3
Polearms       | 2 3 |  3.9
Conjurations   | 1 2 |  2.9
Throwing       | |  0.2
Transmutations | |  0.8
Evocations     | |  0.1

Action                   |  1- 3 |  4- 6 |  7- 9 | 10-12 || total
-------------------------+-------+-------+-------+-------++-------
Melee: Falchion          |    15 |    18 |    28 |     3 ||    64
       Bardiche          |       |       |       |    72 ||    72
Throw: Dart              |       |       |       |     2 ||     2
       Throwing net      |       |       |       |     2 ||     2
       Boomerang         |       |       |       |     1 ||     1
 Cast: Sandblast         |    50 |    88 |   187 |    59 ||   384
       Stone Arrow       |       |       |       |    83 ||    83
Evoke: Wand              |       |       |       |     5 ||     5
  Use: Potion            |     2 |       |       |     1 ||     3
       Scroll            |       |     8 |       |    14 ||    22
 Stab: Invisible         |     2 |       |       |       ||     2
Armor: Leather armour    |     6 |    29 |    87 |    13 ||   135
       Acid dragon scale |       |       |       |    92 ||    92
       Troll leather arm |       |       |       |    12 ||    12
Dodge: Dodged            |    27 |    30 |   110 |   173 ||   340
Block: Other             |       |    11 |    30 |    46 ||    87
